Maple Leafs vs Rangers
Created - February 11, 2018 at 22:27
Goals
|
| Maple Leafs |
1 |
1 |
1 |
3 |
| Rangers |
2 |
1 |
1 |
4 |
|
Shots
|
| Maple Leafs |
7 |
10 |
11 |
28 |
| Rangers |
14 |
11 |
8 |
33 |
|
1st period
1. Maple Leafs , John Klingberg 4 (Alex Killorn 5, Colby Armstrong 8) at 6:44
2. Rangers , Milan Lucic 33 (Patrice Bergeron 27) at 6:48
3. Rangers , Mike Cammalleri 10 (Jakob Silfverberg 22, Stephen Weiss 9) at 11:55
Penalties :
Ryan Parent (Tor) for High sticking (Minor) at 7:39, Sean Couturier (NYR) for Cross-checking (Minor) at 15:02
2nd period
4. Rangers , Darren Reid 7 (Matt Greene 13, Valtteri Filppula 12) at 10:59
5. Maple Leafs , Claude Giroux 35 (Evgeny Grachev 7, Ryan Parent 6) at 19:33
Penalties :
Alexei Emelin (NYR) for Holding (Minor) at 5:31
3rd period
6. Rangers , Milan Lucic 34 (James Neal 30) at 3:08
7. Maple Leafs , Gilbert Brule 14 (Ben Smith 1, Fabian Brunnstrom 9) at 14:45
Penalties :
Fabian Brunnstrom (Tor) for Roughing (Minor) at 4:42, Patrice Bergeron (NYR) for Hooking (Minor) at 8:24
Goalie Stats
Marc-André Fleury (Tor), 29 saves from 33 shots - (0.879), L, 18-19-6, 58:40 minutes
Braden Holtby (NYR), 25 saves from 28 shots - (0.893), W, 7-5-1, 60:00 minutes
Players Stats for Maple Leafs
Player Name G A P +/- PIM S H SB GA TA FO MP PP MP PK MP
------------------------------------------------------------------------------------
Alex Killorn 0 1 1 1 0 3 1 1 1 0 0/0 11:28 0:00 0:00
Artemi Panarin 0 0 0 -2 0 0 0 3 2 0 1/2 21:12 3:13 1:06
Ben Smith 0 1 1 0 0 1 1 1 0 0 0/0 12:32 0:01 0:00
Blake Comeau 0 0 0 0 0 2 0 0 0 0 0/0 8:59 0:00 0:00
Braydon Coburn 0 0 0 -4 0 0 0 3 1 0 0/0 24:19 2:35 2:19
Claude Giroux 1 0 1 -2 0 6 1 0 2 0 0/2 22:05 3:14 2:00
Colby Armstrong 0 1 1 1 0 2 0 0 0 0 0/0 14:02 2:43 0:00
Eric Nystrom 0 0 0 0 0 1 0 0 0 0 0/0 10:03 0:00 0:52
Evgeny Grachev 0 1 1 0 0 0 0 0 0 0 2/3 8:48 0:00 0:00
Fabian Brunnstrom 0 1 1 0 2 1 2 0 0 0 2/3 16:02 2:43 0:22
Gilbert Brule 1 0 1 0 0 4 0 0 2 1 3/8 16:39 2:43 1:23
John Klingberg 1 0 1 1 0 2 2 3 1 1 0/0 24:32 3:22 0:13
Jordan Staal 0 0 0 -2 0 1 2 1 0 0 14/38 22:04 3:14 1:59
Marc-Édouard Vlasic 0 0 0 1 0 1 2 2 0 1 0/0 23:17 2:35 0:13
Ryan Parent 0 1 1 2 2 1 0 0 0 0 0/0 10:33 0:00 0:49
Taylor Chorney 0 0 0 2 0 1 0 0 1 0 0/0 11:34 0:00 2:20
Tobias Enstrom 0 0 0 -4 0 2 2 0 0 0 0/0 25:46 3:22 2:02
Zac Dalpe 0 0 0 1 0 0 1 0 0 0 3/5 12:05 0:00 0:14
Players Stats for Rangers
Player Name G A P +/- PIM S H SB GA TA FO MP PP MP PK MP
------------------------------------------------------------------------------------
Alexei Emelin 0 0 0 -3 2 1 1 0 0 0 0/0 14:50 0:00 0:00
Cam Barker 0 0 0 1 0 3 0 1 0 3 0/0 26:12 2:01 3:27
Darren Reid 1 0 1 1 0 2 2 0 1 0 0/0 8:29 0:00 1:39
Jakob Silfverberg 0 1 1 -1 0 4 0 0 0 0 0/0 16:03 1:45 0:00
James Neal 0 1 1 1 0 2 2 0 0 2 2/2 22:25 2:13 3:03
Mark Fistric 0 0 0 1 0 3 1 0 0 1 0/0 26:12 2:01 3:27
Matt Greene 0 1 1 3 0 1 0 1 0 1 0/0 19:36 1:57 2:30
Matt Read 0 0 0 0 0 0 1 1 0 1 0/0 12:50 0:00 1:39
Mike Cammalleri 1 0 1 -1 0 3 1 1 1 0 1/1 17:50 1:45 1:08
Milan Lucic 2 0 2 1 0 4 3 0 0 0 5/8 22:26 2:13 3:04
Nathan Gerbe 0 0 0 0 0 2 0 0 1 1 0/0 11:09 0:00 0:00
Nick Foligno 0 0 0 1 0 1 0 1 0 0 0/0 6:48 0:00 0:00
Patrice Bergeron 0 1 1 1 2 2 1 0 0 0 14/26 19:25 2:13 0:24
Ryan Suter 0 0 0 3 0 0 0 0 0 1 0/0 19:36 1:57 2:30
Sean Couturier 0 0 0 0 2 1 1 0 0 0 2/7 13:06 0:00 0:57
Staffan Kronwall 0 0 0 -3 0 0 0 0 0 0 0/0 14:12 0:00 0:00
Stephen Weiss 0 1 1 -1 0 1 0 0 0 0 10/13 16:03 1:45 0:00
Valtteri Filppula 0 1 1 1 0 3 0 0 0 0 2/4 6:48 0:00 0:00
3 Stars
1 - Milan Lucic (NYR)
2 - Darren Reid (NYR)
3 - John Klingberg (Tor)
Power Play
Maple Leafs - 0 on 3 Attempt(s) - 0.00%
Rangers - 0 on 2 Attempt(s) - 0.00%
Penalty Kill
Maple Leafs - 2 on 2 Attempt(s) - 100.00%
- Score 0 goal in Penalty Kill
Rangers - 3 on 3 Attempt(s) - 100.00%
- Score 0 goal in Penalty Kill
Team Stat
Maple Leafs - Hits : 14 - Faceoff Wins : 25 - Blocked Shots : 14 - Penalty Minutes : 4
Rangers - Hits : 13 - Faceoff Wins : 36 - Blocked Shots : 5 - Penalty Minutes : 6
Official
Referees : O'Rourke Dan and Furlatt Eric
Linesman : Dan Schachte and Steve Miller
Game Notes
No Game Note
Finance
Level 1 -- Attendance: 4796 (79.93%) -- Ticket Income $455,620
Level 2 -- Attendance: 3701 (74.02%) -- Ticket Income $222,060
Level 3 -- Attendance: 1840 (92.00%) -- Ticket Income $64,400
Level 4 -- Attendance: 3718 (92.95%) -- Ticket Income $92,950
Luxury Box -- Attendance: 701 (70.10%) -- Ticket Income $126,180
Game was played at the Madison Square Garden.
Total Attendance: 14756 (81.98%)
Total Ticket Income: $961,210
Other Income: $144,182
Total Income: $1,105,392
Maple Leafs
5 vs 5 Forward
Center Left Wing Right Wing Time % Phy DF OF
1 Jordan Staal Artemi Panarin Claude Giroux 40 0 1 4
2 Gilbert Brule Fabian Brunnstrom Ben Smith 30 1 2 2
3 Zac Dalpe Alex Killorn Colby Armstrong 20 1 2 2
4 Evgeny Grachev Eric Nystrom Blake Comeau 10 1 2 2
5 vs 5 Defense
Defense Defense Time % Phy DF OF
1 John Klingberg Marc-Édouard Vlasic 40 0 1 4
2 Braydon Coburn Tobias Enstrom 30 0 2 2
3 Taylor Chorney Ryan Parent 20 1 2 2
4 Braydon Coburn Tobias Enstrom 10 1 2 2
PowerPlay Forward
Center Left Wing Right Wing Time % Phy DF OF
1 Jordan Staal Artemi Panarin Claude Giroux 60 1 2 2
2 Gilbert Brule Fabian Brunnstrom Colby Armstrong 40 1 2 2
PowerPlay Defense
Defense Defense Time % Phy DF OF
1 John Klingberg Tobias Enstrom 60 1 2 2
2 Marc-Édouard Vlasic Braydon Coburn 40 1 2 2
Penalty Kill 4 Players Forward
Center Wing Time % Phy DF OF
1 Jordan Staal Claude Giroux 60 1 2 2
2 Gilbert Brule Eric Nystrom 40 1 2 2
Penalty Kill 4 Players Defense
Defense Defense Time % Phy DF OF
1 Braydon Coburn Taylor Chorney 60 1 2 2
2 Tobias Enstrom Ryan Parent 40 1 2 2
Penalty Kill - 3 Players Forward
Forward Time % Phy DF OF
1 Jordan Staal 60 1 2 2
2 Gilbert Brule 40 1 2 2
Penalty Kill - 3 Players Defense
Defense Defense Time % Phy DF OF
1 Braydon Coburn Taylor Chorney 60 1 2 2
2 Tobias Enstrom Ryan Parent 40 1 2 2
4 vs 4 Forward
Center Wing Time % Phy DF OF
1 Jordan Staal Claude Giroux 60 1 2 2
2 Gilbert Brule Colby Armstrong 40 1 2 2
4 vs 4 Defense
Defense Defense Time % Phy DF OF
1 Braydon Coburn Tobias Enstrom 60 1 2 2
2 John Klingberg Marc-Édouard Vlasic 40 1 2 2
Last Minutes Offensive
Center Left Wing Right Wing Defense Defense
Jordan Staal Artemi Panarin Claude Giroux John Klingberg Tobias Enstrom
Last Minutes Defensive
Center Left Wing Right Wing Defense Defense
Jordan Staal Eric Nystrom Claude Giroux Ryan Parent Braydon Coburn
Goaltenders
Starting : Marc-André Fleury
Backup : Alex Stalock
Extra Forwards
Normal : Artemi Panarin, Colby Armstrong, Jordan Staal - PP : Ben Smith, Colby Armstrong - PK : Fabian Brunnstrom
Extra Defensemen
Normal : Tobias Enstrom, Ryan Parent, Braydon Coburn - PP : Marc-Édouard Vlasic - PK : Taylor Chorney, Ryan Parent
Penalty Shots
Claude Giroux, Artemi Panarin, Fabian Brunnstrom, Colby Armstrong, Jordan Staal
Scratches
None
Rangers
5 vs 5 Forward
Center Left Wing Right Wing Time % Phy DF OF
1 Patrice Bergeron Milan Lucic James Neal 40 1 2 2
2 Stephen Weiss Mike Cammalleri Jakob Silfverberg 30 1 2 2
3 Sean Couturier Nathan Gerbe Matt Read 20 1 2 2
4 Valtteri Filppula Nick Foligno Darren Reid 10 1 2 2
5 vs 5 Defense
Defense Defense Time % Phy DF OF
1 Cam Barker Mark Fistric 40 1 2 2
2 Matt Greene Ryan Suter 30 1 2 2
3 Staffan Kronwall Alexei Emelin 20 1 2 2
4 Cam Barker Mark Fistric 10 1 2 2
PowerPlay Forward
Center Left Wing Right Wing Time % Phy DF OF
1 Milan Lucic Patrice Bergeron James Neal 60 1 2 2
2 Mike Cammalleri Stephen Weiss Jakob Silfverberg 40 1 2 2
PowerPlay Defense
Defense Defense Time % Phy DF OF
1 Cam Barker Mark Fistric 60 1 2 2
2 Matt Greene Ryan Suter 40 1 2 2
Penalty Kill 4 Players Forward
Center Wing Time % Phy DF OF
1 Milan Lucic James Neal 60 1 2 2
2 Darren Reid Matt Read 40 1 2 2
Penalty Kill 4 Players Defense
Defense Defense Time % Phy DF OF
1 Mark Fistric Cam Barker 60 1 2 2
2 Ryan Suter Matt Greene 40 1 2 2
Penalty Kill - 3 Players Forward
Forward Time % Phy DF OF
1 Patrice Bergeron 60 1 2 2
2 Nathan Gerbe 40 1 2 2
Penalty Kill - 3 Players Defense
Defense Defense Time % Phy DF OF
1 Mark Fistric Cam Barker 60 1 2 2
2 Alexei Emelin Staffan Kronwall 40 1 2 2
4 vs 4 Forward
Center Wing Time % Phy DF OF
1 Patrice Bergeron Milan Lucic 60 1 2 2
2 James Neal Valtteri Filppula 40 1 2 2
4 vs 4 Defense
Defense Defense Time % Phy DF OF
1 Cam Barker Mark Fistric 60 1 2 2
2 Staffan Kronwall Alexei Emelin 40 1 2 2
Last Minutes Offensive
Center Left Wing Right Wing Defense Defense
Milan Lucic Patrice Bergeron James Neal Cam Barker Mark Fistric
Last Minutes Defensive
Center Left Wing Right Wing Defense Defense
Milan Lucic Patrice Bergeron James Neal Cam Barker Mark Fistric
Goaltenders
Starting : Braden Holtby
Backup : Henrik Lundqvist
Extra Forwards
Normal : Nick Foligno, Milan Lucic, Patrice Bergeron - PP : James Neal, Jakob Silfverberg - PK : Sean Couturier
Extra Defensemen
Normal : Mark Fistric, Cam Barker, Matt Greene - PP : Mark Fistric - PK : Staffan Kronwall, Cam Barker
Penalty Shots
Nick Foligno, Milan Lucic, Patrice Bergeron, James Neal, Jakob Silfverberg
Scratches
None
% Time on Ice - Maple Leafs
Lines # - Real PCT - Wanted PCT - Time Play
Normal Forward
1 - 33% - 40% - 16:11
2 - 26% - 30% - 12:33
3 - 23% - 20% - 11:28
4 - 18% - 10% - 8:48
Normal Defense
1 - 43% - 40% - 20:59
2 - 32% - 30% - 15:30
3 - 19% - 20% - 9:12
4 - 7% - 10% - 3:19
PP Forward
1 - 54% - 60% - 3:14
2 - 46% - 40% - 2:43
PP Defense
1 - 57% - 60% - 3:22
2 - 43% - 40% - 2:35
PK Forward
1 - 79% - 60% - 3:09
2 - 21% - 40% - 0:49
PK Defense
1 - 49% - 60% - 1:56
2 - 51% - 40% - 2:02
PK3 Forward
1 - 0% - 60%
2 - 0% - 40%
PK3 Defense
1 - 0% - 60%
2 - 0% - 40%
44 Forward
1 - 0% - 60%
2 - 0% - 40%
44 Defense
1 - 0% - 60%
2 - 0% - 40%
Last Minute Offensive - 1:05
Last Minute Defensive - 0:00
Total
Forward - 60:00
Defense - 60:00
|
% Time on Ice - Rangers
Lines # - Real PCT - Wanted PCT - Time Play
Normal Forward
1 - 34% - 40% - 16:42
2 - 29% - 30% - 14:20
3 - 23% - 20% - 11:09
4 - 14% - 10% - 6:48
Normal Defense
1 - 39% - 40% - 19:05
2 - 31% - 30% - 15:09
3 - 27% - 20% - 13:06
4 - 3% - 10% - 1:39
PP Forward
1 - 56% - 60% - 2:13
2 - 44% - 40% - 1:45
PP Defense
1 - 51% - 60% - 2:01
2 - 49% - 40% - 1:57
PK Forward
1 - 72% - 60% - 4:18
2 - 28% - 40% - 1:39
PK Defense
1 - 58% - 60% - 3:27
2 - 42% - 40% - 2:30
PK3 Forward
1 - 0% - 60%
2 - 0% - 40%
PK3 Defense
1 - 0% - 60%
2 - 0% - 40%
44 Forward
1 - 0% - 60%
2 - 0% - 40%
44 Defense
1 - 0% - 60%
2 - 0% - 40%
Last Minute Offensive - 0:00
Last Minute Defensive - 1:06
Total
Forward - 60:00
Defense - 60:00
|
Play by Play
1st period
0:01 of 1st period - Patrice Bergeron wins face-off versus Jordan Staal in neutral zone.
0:06 of 1st period - Snap shot by Milan Lucic.
0:06 of 1st period - Stopped by Marc-André Fleury without a rebound.
0:07 of 1st period - Jordan Staal wins face-off versus Patrice Bergeron in Maple Leafs zone.
0:16 of 1st period - Snap shot by Patrice Bergeron.
0:16 of 1st period - Shot Blocked by John Klingberg.
0:18 of 1st period - Slapshot by James Neal.
0:18 of 1st period - Stopped by Marc-André Fleury with a rebound.
0:20 of 1st period - Slapshot by Cam Barker.
0:20 of 1st period - Deflect By Claude Giroux.
0:20 of 1st period - Stopped by Marc-André Fleury without a rebound.
0:21 of 1st period - Stephen Weiss wins face-off versus Gilbert Brule in Maple Leafs zone.
0:22 of 1st period - Backhand shot by Jakob Silfverberg.
0:22 of 1st period - Stopped by Marc-André Fleury with a rebound.
0:48 of 1st period - Matt Greene is hit by Zac Dalpe and loses puck.
0:55 of 1st period - Wrist shot by Zac Dalpe.
0:55 of 1st period - Shot Misses the Net.
0:57 of 1st period - Slapshot by Taylor Chorney.
0:57 of 1st period - Stopped by Braden Holtby without a rebound.
0:58 of 1st period - Evgeny Grachev wins face-off versus Valtteri Filppula in Rangers zone.
1:11 of 1st period - Wrist shot by Evgeny Grachev.
1:11 of 1st period - Shot Misses the Net.
1:31 of 1st period - Snap shot by Jakob Silfverberg.
1:31 of 1st period - Shot Misses the Net.
1:33 of 1st period - Slapshot by Alexei Emelin.
1:33 of 1st period - Stopped by Marc-André Fleury without a rebound.
1:34 of 1st period - Jordan Staal wins face-off versus Stephen Weiss in Maple Leafs zone.
2:12 of 1st period - Slapshot by John Klingberg.
2:12 of 1st period - Stopped by Braden Holtby without a rebound.
2:13 of 1st period - Zac Dalpe wins face-off versus Sean Couturier in Rangers zone.
2:20 of 1st period - Slapshot by Alex Killorn.
2:20 of 1st period - Stopped by Braden Holtby without a rebound.
2:21 of 1st period - Zac Dalpe wins face-off versus Sean Couturier in Rangers zone.
2:33 of 1st period - Slapshot by Mark Fistric.
2:33 of 1st period - Stopped by Marc-André Fleury with a rebound.
2:43 of 1st period - Wrist shot by Matt Read.
2:43 of 1st period - Shot Misses the Net.
2:45 of 1st period - Wrist shot by Mark Fistric.
2:45 of 1st period - Stopped by Marc-André Fleury without a rebound.
2:46 of 1st period - Jordan Staal wins face-off versus Milan Lucic in Maple Leafs zone.
3:19 of 1st period - Wrist shot by Stephen Weiss.
3:19 of 1st period - Shot Blocked by Marc-Édouard Vlasic.
3:43 of 1st period - Snap shot by Darren Reid.
3:43 of 1st period - Stopped by Marc-André Fleury with a rebound.
4:05 of 1st period - Wrist shot by Nathan Gerbe.
4:05 of 1st period - Shot Misses the Net.
4:56 of 1st period - Off-side.
4:57 of 1st period - Mike Cammalleri wins face-off versus Zac Dalpe in neutral zone.
5:03 of 1st period - Icing by Alex Killorn.
5:04 of 1st period - Stephen Weiss wins face-off versus Zac Dalpe in Maple Leafs zone.
5:15 of 1st period - Slapshot by Marc-Édouard Vlasic.
5:15 of 1st period - Shot Misses the Net.
5:37 of 1st period - Mike Cammalleri is hit by Marc-Édouard Vlasic and loses puck.
5:52 of 1st period - Snap shot by Alex Killorn.
5:52 of 1st period - Stopped by Braden Holtby with a rebound.
6:44 of 1st period - Slapshot by John Klingberg.
6:44 of 1st period - Goal by John Klingberg - Maple Leafs : 1 - Rangers : 0.
6:45 of 1st period - Patrice Bergeron wins face-off versus Jordan Staal in neutral zone.
6:48 of 1st period - Backhand shot by Milan Lucic.
6:48 of 1st period - Goal by Milan Lucic - Maple Leafs : 1 - Rangers : 1.
6:49 of 1st period - Jordan Staal wins face-off versus Patrice Bergeron in neutral zone.
7:26 of 1st period - Off-side.
7:27 of 1st period - Patrice Bergeron wins face-off versus Jordan Staal in neutral zone.
7:39 of 1st period - Minor Penalty to Ryan Parent for High sticking.
7:40 of 1st period - Milan Lucic wins face-off versus Jordan Staal in Maple Leafs zone.
8:34 of 1st period - Ryan Suter is hit by Tobias Enstrom and loses puck.
9:34 of 1st period - Icing by Jakob Silfverberg.
9:35 of 1st period - Milan Lucic wins face-off versus Fabian Brunnstrom in Rangers zone.
9:39 of 1st period - Penalty to Ryan Parent is over, Ryan Parent is back on ice.
9:52 of 1st period - Slapshot by Fabian Brunnstrom.
9:52 of 1st period - Stopped by Braden Holtby with a rebound.
10:46 of 1st period - Snap shot by Stephen Weiss.
10:46 of 1st period - Shot Misses the Net.
10:48 of 1st period - Wrist shot by Jakob Silfverberg.
10:48 of 1st period - Stopped by Marc-André Fleury without a rebound.
10:49 of 1st period - Stephen Weiss wins face-off versus Gilbert Brule in Maple Leafs zone.
11:27 of 1st period - Wrist shot by Jakob Silfverberg.
11:27 of 1st period - Stopped by Marc-André Fleury with a rebound.
11:53 of 1st period - Snap shot by Mike Cammalleri.
11:53 of 1st period - Shot Misses the Net.
11:55 of 1st period - Slapshot by Mike Cammalleri.
11:55 of 1st period - Goal by Mike Cammalleri - Maple Leafs : 1 - Rangers : 2.
11:56 of 1st period - Jordan Staal wins face-off versus Patrice Bergeron in neutral zone.
12:05 of 1st period - Wrist shot by Milan Lucic.
12:05 of 1st period - Shot Misses the Net.
12:56 of 1st period - Snap shot by Valtteri Filppula.
12:56 of 1st period - Stopped by Marc-André Fleury without a rebound.
12:57 of 1st period - Patrice Bergeron wins face-off versus Jordan Staal in Maple Leafs zone.
13:32 of 1st period - Snap shot by Gilbert Brule.
13:32 of 1st period - Stopped by Braden Holtby with a rebound.
14:13 of 1st period - Ryan Parent is hit by Patrice Bergeron and loses puck.
14:31 of 1st period - Wrist shot by Claude Giroux.
14:31 of 1st period - Shot Blocked by Mike Cammalleri.
14:50 of 1st period - Wrist shot by Nathan Gerbe.
14:50 of 1st period - Stopped by Marc-André Fleury without a rebound.
14:51 of 1st period - Gilbert Brule wins face-off versus Sean Couturier in Maple Leafs zone.
14:51 of 1st period - Gilbert Brule is hit by Matt Read.
15:02 of 1st period - Minor Penalty to Sean Couturier for Cross-checking.
15:03 of 1st period - Milan Lucic wins face-off versus Jordan Staal in Rangers zone.
15:17 of 1st period - Snap shot by Milan Lucic.
15:17 of 1st period - Deflect By James Neal.
15:17 of 1st period - Shot Misses the Net.
15:17 of 1st period - Puck is out of play.
15:18 of 1st period - Milan Lucic wins face-off versus Jordan Staal in Maple Leafs zone.
15:23 of 1st period - Slapshot by Milan Lucic.
15:23 of 1st period - Shot Blocked by Jordan Staal.
15:43 of 1st period - Cam Barker is hit by Fabian Brunnstrom and loses puck.
17:02 of 1st period - Penalty to Sean Couturier is over, Sean Couturier is back on ice.
18:33 of 1st period - Valtteri Filppula is hit by John Klingberg and loses puck.
Goals for this period are 1 for Maple Leafs vs 2 for Rangers.
Shots for this period are 7 for Maple Leafs vs 14 for Rangers.
2nd period
0:01 of 2nd period - Patrice Bergeron wins face-off versus Jordan Staal in neutral zone.
0:04 of 2nd period - Claude Giroux is hit by Milan Lucic and loses puck.
0:12 of 2nd period - Off-side.
0:13 of 2nd period - Patrice Bergeron wins face-off versus Claude Giroux in neutral zone.
0:18 of 2nd period - Slapshot by Milan Lucic.
0:18 of 2nd period - Shot Blocked by Artemi Panarin.
0:20 of 2nd period - Snap shot by James Neal.
0:20 of 2nd period - Stopped by Marc-André Fleury with a rebound.
0:28 of 2nd period - Marc-Édouard Vlasic is hit by Milan Lucic and loses puck.
1:28 of 2nd period - Snap shot by Valtteri Filppula.
1:28 of 2nd period - Shot Blocked by Braydon Coburn.
1:30 of 2nd period - Snap shot by Nick Foligno.
1:30 of 2nd period - Stopped by Marc-André Fleury without a rebound.
1:31 of 2nd period - Jordan Staal wins face-off versus Patrice Bergeron in Maple Leafs zone.
1:39 of 2nd period - Off-side.
1:40 of 2nd period - Artemi Panarin wins face-off versus Patrice Bergeron in neutral zone.
1:47 of 2nd period - Snap shot by Claude Giroux.
1:47 of 2nd period - Stopped by Braden Holtby with a rebound.
1:49 of 2nd period - Snap shot by Jordan Staal.
1:49 of 2nd period - Stopped by Braden Holtby without a rebound.
1:50 of 2nd period - Jordan Staal wins face-off versus Patrice Bergeron in Rangers zone.
2:31 of 2nd period - Wrist shot by Patrice Bergeron.
2:31 of 2nd period - Stopped by Marc-André Fleury without a rebound.
2:32 of 2nd period - Stephen Weiss wins face-off versus Jordan Staal in Maple Leafs zone.
2:33 of 2nd period - Snap shot by Jakob Silfverberg.
2:33 of 2nd period - Shot Hit the Post.
2:35 of 2nd period - Snap shot by Jakob Silfverberg.
2:35 of 2nd period - Shot Blocked by John Klingberg.
2:37 of 2nd period - Slapshot by Ryan Suter.
2:37 of 2nd period - Deflect By Jakob Silfverberg.
2:37 of 2nd period - Shot Misses the Net.
2:37 of 2nd period - Puck is out of play.
2:38 of 2nd period - Stephen Weiss wins face-off versus Artemi Panarin in Maple Leafs zone.
3:48 of 2nd period - Icing by Tobias Enstrom.
3:49 of 2nd period - Evgeny Grachev wins face-off versus Stephen Weiss in Maple Leafs zone.
4:06 of 2nd period - Slapshot by Tobias Enstrom.
4:06 of 2nd period - Stopped by Braden Holtby without a rebound.
4:07 of 2nd period - Jordan Staal wins face-off versus Patrice Bergeron in Rangers zone.
4:10 of 2nd period - Slapshot by Claude Giroux.
4:10 of 2nd period - Shot Blocked by Cam Barker.
4:34 of 2nd period - Jakob Silfverberg is hit by Marc-Édouard Vlasic and loses puck.
5:23 of 2nd period - Wrist shot by Blake Comeau.
5:23 of 2nd period - Stopped by Braden Holtby with a rebound.
5:31 of 2nd period - Minor Penalty to Alexei Emelin for Holding.
5:32 of 2nd period - Jordan Staal wins face-off versus Milan Lucic in Rangers zone.
5:49 of 2nd period - Slapshot by Claude Giroux.
5:49 of 2nd period - Stopped by Braden Holtby with a rebound.
7:31 of 2nd period - Penalty to Alexei Emelin is over, Alexei Emelin is back on ice.
8:09 of 2nd period - Snap shot by Mike Cammalleri.
8:09 of 2nd period - Stopped by Marc-André Fleury without a rebound.
8:10 of 2nd period - Jordan Staal wins face-off versus Valtteri Filppula in Maple Leafs zone.
8:10 of 2nd period - Jordan Staal is hit by Darren Reid.
8:18 of 2nd period - Snap shot by Artemi Panarin.
8:18 of 2nd period - Shot Blocked by Nick Foligno.
9:31 of 2nd period - Off-side.
9:32 of 2nd period - Fabian Brunnstrom wins face-off versus Sean Couturier in neutral zone.
9:39 of 2nd period - Wrist shot by Fabian Brunnstrom.
9:39 of 2nd period - Shot Misses the Net.
9:43 of 2nd period - Wrist shot by Gilbert Brule.
9:43 of 2nd period - Stopped by Braden Holtby with a rebound.
9:45 of 2nd period - Wrist shot by Ryan Parent.
9:45 of 2nd period - Stopped by Braden Holtby without a rebound.
9:46 of 2nd period - Patrice Bergeron wins face-off versus Jordan Staal in Rangers zone.
9:53 of 2nd period - Snap shot by Patrice Bergeron.
9:53 of 2nd period - Shot Blocked by Artemi Panarin.
9:55 of 2nd period - Slapshot by Mark Fistric.
9:55 of 2nd period - Shot Blocked by Artemi Panarin.
9:57 of 2nd period - Slapshot by James Neal.
9:57 of 2nd period - Shot Misses the Net.
10:15 of 2nd period - Wrist shot by Ben Smith.
10:15 of 2nd period - Stopped by Braden Holtby with a rebound.
10:55 of 2nd period - Snap shot by Valtteri Filppula.
10:55 of 2nd period - Shot Misses the Net.
10:57 of 2nd period - Wrist shot by Matt Greene.
10:57 of 2nd period - Shot Misses the Net.
10:59 of 2nd period - Wrist shot by Darren Reid.
10:59 of 2nd period - Goal by Darren Reid - Maple Leafs : 1 - Rangers : 3.
11:00 of 2nd period - Patrice Bergeron wins face-off versus Jordan Staal in neutral zone.
12:19 of 2nd period - Blake Comeau is hit by Alexei Emelin and loses puck.
12:46 of 2nd period - Jakob Silfverberg is hit by Jordan Staal and loses puck.
13:27 of 2nd period - Snap shot by Patrice Bergeron.
13:27 of 2nd period - Stopped by Marc-André Fleury with a rebound.
13:50 of 2nd period - Slapshot by Valtteri Filppula.
13:50 of 2nd period - Stopped by Marc-André Fleury with a rebound.
14:22 of 2nd period - Nathan Gerbe is hit by Ben Smith and loses puck.
14:47 of 2nd period - Slapshot by John Klingberg.
14:47 of 2nd period - Shot Misses the Net.
15:17 of 2nd period - Backhand shot by Blake Comeau.
15:17 of 2nd period - Shot Misses the Net.
15:20 of 2nd period - Icing by Patrice Bergeron.
15:21 of 2nd period - Patrice Bergeron wins face-off versus Jordan Staal in Rangers zone.
15:52 of 2nd period - Slapshot by Gilbert Brule.
15:52 of 2nd period - Stopped by Braden Holtby without a rebound.
15:53 of 2nd period - Stephen Weiss wins face-off versus Gilbert Brule in Rangers zone.
15:59 of 2nd period - Ben Smith is hit by Mike Cammalleri and loses puck.
16:04 of 2nd period - Snap shot by Jakob Silfverberg.
16:04 of 2nd period - Shot Misses the Net.
16:20 of 2nd period - Stephen Weiss is hit by Alex Killorn and loses puck.
16:27 of 2nd period - Slapshot by Jakob Silfverberg.
16:27 of 2nd period - Shot Blocked by Marc-Édouard Vlasic.
16:35 of 2nd period - Snap shot by Jakob Silfverberg.
16:35 of 2nd period - Shot Blocked by John Klingberg.
16:37 of 2nd period - Wrist shot by Stephen Weiss.
16:37 of 2nd period - Stopped by Marc-André Fleury with a rebound.
16:59 of 2nd period - Snap shot by Mike Cammalleri.
16:59 of 2nd period - Stopped by Marc-André Fleury without a rebound.
17:00 of 2nd period - Jordan Staal wins face-off versus Patrice Bergeron in Maple Leafs zone.
17:58 of 2nd period - Snap shot by Valtteri Filppula.
17:58 of 2nd period - Stopped by Marc-André Fleury without a rebound.
17:59 of 2nd period - Patrice Bergeron wins face-off versus Jordan Staal in Maple Leafs zone.
18:48 of 2nd period - Jakob Silfverberg is hit by John Klingberg and loses puck.
19:33 of 2nd period - Slapshot by Claude Giroux.
19:33 of 2nd period - Deflect By Milan Lucic.
19:33 of 2nd period - Goal by Claude Giroux - Maple Leafs : 2 - Rangers : 3.
19:34 of 2nd period - Patrice Bergeron wins face-off versus Claude Giroux in neutral zone.
19:37 of 2nd period - Slapshot by Cam Barker.
19:37 of 2nd period - Stopped by Marc-André Fleury without a rebound.
19:38 of 2nd period - Patrice Bergeron wins face-off versus Jordan Staal in Maple Leafs zone.
Goals for this period are 1 for Maple Leafs vs 1 for Rangers.
Shots for this period are 10 for Maple Leafs vs 11 for Rangers.
3rd period
0:01 of 3rd period - Jordan Staal wins face-off versus Milan Lucic in neutral zone.
0:30 of 3rd period - Wrist shot by Nathan Gerbe.
0:30 of 3rd period - Stopped by Marc-André Fleury without a rebound.
0:31 of 3rd period - Gilbert Brule wins face-off versus Sean Couturier in Maple Leafs zone.
1:11 of 3rd period - Off-side.
1:12 of 3rd period - Stephen Weiss wins face-off versus Jordan Staal in neutral zone.
1:39 of 3rd period - Milan Lucic is hit by Fabian Brunnstrom and loses puck.
2:14 of 3rd period - Snap shot by Colby Armstrong.
2:14 of 3rd period - Stopped by Braden Holtby without a rebound.
2:15 of 3rd period - Patrice Bergeron wins face-off versus Jordan Staal in Rangers zone.
3:08 of 3rd period - Slapshot by Milan Lucic.
3:08 of 3rd period - Goal by Milan Lucic - Maple Leafs : 2 - Rangers : 4.
3:09 of 3rd period - Stephen Weiss wins face-off versus Gilbert Brule in neutral zone.
3:40 of 3rd period - Wrist shot by Colby Armstrong.
3:40 of 3rd period - Stopped by Braden Holtby without a rebound.
3:41 of 3rd period - Zac Dalpe wins face-off versus Patrice Bergeron in Rangers zone.
3:46 of 3rd period - Wrist shot by Alex Killorn.
3:46 of 3rd period - Stopped by Braden Holtby with a rebound.
4:08 of 3rd period - Mike Cammalleri is hit by Tobias Enstrom and loses puck.
4:37 of 3rd period - Snap shot by Mark Fistric.
4:37 of 3rd period - Deflect By Marc-Édouard Vlasic.
4:37 of 3rd period - Stopped by Marc-André Fleury without a rebound.
4:38 of 3rd period - Gilbert Brule wins face-off versus Patrice Bergeron in Maple Leafs zone.
4:42 of 3rd period - Minor Penalty to Fabian Brunnstrom for Roughing.
4:43 of 3rd period - Milan Lucic wins face-off versus Jordan Staal in Maple Leafs zone.
5:14 of 3rd period - Wrist shot by Stephen Weiss.
5:14 of 3rd period - Shot Misses the Net.
5:16 of 3rd period - Snap shot by Stephen Weiss.
5:16 of 3rd period - Shot Misses the Net.
5:58 of 3rd period - Ryan Parent is hit by James Neal and loses puck.
6:42 of 3rd period - Penalty to Fabian Brunnstrom is over, Fabian Brunnstrom is back on ice.
7:12 of 3rd period - Wrist shot by Blake Comeau.
7:12 of 3rd period - Stopped by Braden Holtby without a rebound.
7:13 of 3rd period - Valtteri Filppula wins face-off versus Evgeny Grachev in Rangers zone.
7:34 of 3rd period - Snap shot by Blake Comeau.
7:34 of 3rd period - Shot Misses the Net.
7:44 of 3rd period - Wrist shot by Jakob Silfverberg.
7:44 of 3rd period - Stopped by Marc-André Fleury with a rebound.
7:46 of 3rd period - Snap shot by Jakob Silfverberg.
7:46 of 3rd period - Shot Misses the Net.
8:00 of 3rd period - Snap shot by Claude Giroux.
8:00 of 3rd period - Stopped by Braden Holtby with a rebound.
8:02 of 3rd period - Snap shot by Claude Giroux.
8:02 of 3rd period - Shot Blocked by Matt Read.
8:04 of 3rd period - Snap shot by Marc-Édouard Vlasic.
8:04 of 3rd period - Deflect By Ryan Suter.
8:04 of 3rd period - Stopped by Braden Holtby without a rebound.
8:05 of 3rd period - Jordan Staal wins face-off versus Patrice Bergeron in Rangers zone.
8:08 of 3rd period - Snap shot by Claude Giroux.
8:08 of 3rd period - Stopped by Braden Holtby without a rebound.
8:09 of 3rd period - James Neal wins face-off versus Jordan Staal in Rangers zone.
8:15 of 3rd period - Off-side.
8:16 of 3rd period - Jordan Staal wins face-off versus Patrice Bergeron in neutral zone.
8:24 of 3rd period - Minor Penalty to Patrice Bergeron for Hooking.
8:25 of 3rd period - James Neal wins face-off versus Jordan Staal in Rangers zone.
10:10 of 3rd period - Colby Armstrong is hit by Mark Fistric and loses puck.
10:24 of 3rd period - Penalty to Patrice Bergeron is over, Patrice Bergeron is back on ice.
11:01 of 3rd period - Blake Comeau is hit by Darren Reid and loses puck.
11:19 of 3rd period - Off-side.
11:20 of 3rd period - Stephen Weiss wins face-off versus Gilbert Brule in neutral zone.
11:29 of 3rd period - Wrist shot by Ben Smith.
11:29 of 3rd period - Shot Blocked by Matt Greene.
12:02 of 3rd period - Zac Dalpe is hit by Sean Couturier and loses puck.
12:39 of 3rd period - Slapshot by Mark Fistric.
12:39 of 3rd period - Shot Blocked by Ben Smith.
13:11 of 3rd period - Snap shot by Milan Lucic.
13:11 of 3rd period - Stopped by Marc-André Fleury without a rebound.
13:12 of 3rd period - Fabian Brunnstrom wins face-off versus Stephen Weiss in Maple Leafs zone.
13:37 of 3rd period - Patrice Bergeron is hit by Claude Giroux.
14:13 of 3rd period - Slapshot by Eric Nystrom.
14:13 of 3rd period - Stopped by Braden Holtby with a rebound.
14:43 of 3rd period - Snap shot by Ben Smith.
14:43 of 3rd period - Shot Misses the Net.
14:45 of 3rd period - Snap shot by Gilbert Brule.
14:45 of 3rd period - Goal by Gilbert Brule - Maple Leafs : 3 - Rangers : 4.
14:46 of 3rd period - Stephen Weiss wins face-off versus Jordan Staal in neutral zone.
15:13 of 3rd period - John Klingberg is hit by James Neal and loses puck.
15:40 of 3rd period - Wrist shot by Sean Couturier.
15:40 of 3rd period - Stopped by Marc-André Fleury without a rebound.
15:41 of 3rd period - Patrice Bergeron wins face-off versus Jordan Staal in Maple Leafs zone.
15:54 of 3rd period - Snap shot by Patrice Bergeron.
15:54 of 3rd period - Deflect By Milan Lucic.
15:54 of 3rd period - Shot Misses the Net.
15:54 of 3rd period - Puck is out of play.
15:55 of 3rd period - Sean Couturier wins face-off versus Jordan Staal in Maple Leafs zone.
16:34 of 3rd period - Snap shot by Patrice Bergeron.
16:34 of 3rd period - Shot Blocked by Alex Killorn.
16:36 of 3rd period - Slapshot by Matt Greene.
16:36 of 3rd period - Stopped by Marc-André Fleury with a rebound.
17:08 of 3rd period - Icing by Marc-Édouard Vlasic.
17:09 of 3rd period - Valtteri Filppula wins face-off versus Jordan Staal in Maple Leafs zone.
17:22 of 3rd period - Snap shot by Claude Giroux.
17:22 of 3rd period - Stopped by Braden Holtby without a rebound.
17:23 of 3rd period - Sean Couturier wins face-off versus Jordan Staal in Rangers zone.
17:23 of 3rd period - Sean Couturier is hit by Jordan Staal.
17:35 of 3rd period - Snap shot by Matt Read.
17:35 of 3rd period - Shot Misses the Net.
17:37 of 3rd period - Slapshot by Cam Barker.
17:37 of 3rd period - Stopped by Marc-André Fleury with a rebound.
17:39 of 3rd period - Snap shot by Sean Couturier.
17:39 of 3rd period - Shot Misses the Net.
18:40 of 3rd period - Maple Leafs, Marc-André Fleury is pulled from the net.
19:07 of 3rd period - Braydon Coburn is hit by Milan Lucic and loses puck.
19:14 of 3rd period - Wrist shot by James Neal.
19:14 of 3rd period - Shot Misses the Net.
19:16 of 3rd period - Wrist shot by Milan Lucic.
19:16 of 3rd period - Shot Misses the Net.
19:18 of 3rd period - Wrist shot by Alexei Emelin.
19:18 of 3rd period - Shot Blocked by Braydon Coburn.
19:20 of 3rd period - Slapshot by Alexei Emelin.
19:20 of 3rd period - Shot Blocked by Braydon Coburn.
19:42 of 3rd period - Slapshot by Tobias Enstrom.
19:42 of 3rd period - Stopped by Braden Holtby with a rebound.
Goals for this period are 1 for Maple Leafs vs 1 for Rangers.
Shots for this period are 11 for Maple Leafs vs 8 for Rangers.
Back to the Top